[Event "Titled Tuesday Blitz October 04 Late 2022"]
[White "Svane, Rasmus"]
[Black "Boros, Denes"]
[WhiteFideId "4657101"]
[BlackFideId "722340"]
[WhiteElo "2674"]
[BlackElo "2464"]
[Result "1/2-1/2"]
[Round "10"]
[TimeControl "180+1"]
[Date "2022.10.04"]
[WhiteClock "0:00:07"]
[BlackClock "0:00:06"]

1. Nf3 g6 2. e4 Nf6 3. e5 Nh5 4. d4 d6 5. Be2 Nc6 6. exd6 cxd6 7. O-O Bg7 8. c3 O-O 9. Na3 a6 10. Nc4 b5 11. Ncd2 Nf4 12. Re1 Nxe2+ 13. Qxe2 Re8 14. Ne4 d5 15. Nc5 e5 16. dxe5 Bg4 17. Nd3 Nxe5 18. Ndxe5 Rxe5 19. Be3 Rf5 20. Rad1 Bxf3 21. gxf3 Qh4 22. Qf1 Re8 23. Qg2 Rxe3 24. Rxe3 Rg5 25. Red3 Be5 26. Qxg5 Qxg5+ 27. Kf1 Bxh2 28. Rxd5 Qf6 29. Kg2 Bf4 30. R1d4 h5 31. a4 Bc1 32. axb5 Bxb2 33. bxa6 Qxa6 34. Rd3 Qc6 35. Rd6 Qc4 36. R6d4 Qe6 37. Rd6 Qe7 38. Rd7 Qg5+ 39. Kf1 Bxc3 40. Rxc3 Qb5+ 41. Rdd3 Qf5 42. Kg2 h4 43. Rd4 h3+ 44. Kg3 Qe5+ 45. Kxh3 Qxd4 46. Re3 Kg7 47. Kg2 Qf4 48. Re4 Qf5 49. Rg4 Qd3 50. Re4 f5 51. Re3 Qd4 52. Re2 Kf6 53. Rc2 Qd3 54. Rb2 Kg5 55. Rb4 Qe2 56. Rd4 Kf6 57. Rb4 g5 58. Rb6+ Ke5 59. Rb4 Qe1 60. Ra4 Qc3 61. Kg3 Qd2 62. Kg2 Qe1 63. Rc4 Qd2 64. Rc5+ Kf6 65. Rc6+ Ke5 66. Rc5+ Ke6 67. Rc6+ Kd5 68. Ra6 g4 69. fxg4 fxg4 70. Rf6 Ke5 71. Rf8 Qd5+ 72. Kg3 Qb3+ 73. Kg2 Qb7+ 74. Kg3 Qg7 75. Rf4 Qh6 76. Rxg4 Qh1 77. f3 Qf1 78. Re4+ Kf5 79. Rf4+ Kg5 80. Rg4+ Kf5 81. Rf4+ Ke5 82. Re4+ Kd5 83. Rg4 Qe2 84. Re4 Qd2 85. Rg4 Qh6 86. Kg2 Ke5 87. Re4+ Kf5 88. Rg4 Qe3 89. Re4 Qd2+ 90. Kg3 Qd6+ 91. Kg2 Qh6 92. Rg4 Qh5 93. Re4 Qf7 94. Rg4 Qa2+ 95. Kf1 Qh2 96. Re4 Kg5 97. Rg4+ Kh5 98. Re4 Qg3 99. Ke2 Qg2+ 100. Ke3 Kg5 101. Rg4+ Qxg4 102. fxg4 Kxg4 1/2-1/2


[Site "https://www.chess.com"]

[Event "Titled Tuesday Blitz October 04 Late 2022"]
[White "Tang, Andrew"]
[Black "Indjic, Aleksandar"]
[WhiteFideId "2059630"]
[BlackFideId "911925"]
[WhiteElo "2581"]
[BlackElo "2592"]
[Result "0-1"]
[Round "10"]
[TimeControl "180+1"]
[Date "2022.10.04"]
[WhiteClock "0:00:04"]
[BlackClock "0:01:32"]

1. d4 Nf6 2. Nf3 e6 3. Bf4 c5 4. e3 cxd4 5. exd4 b6 6. a4 Ba6 7. Bb5 Bb7 8. O-O Be7 9. Re1 O-O 10. Nbd2 Na6 11. a5 Nc7 12. Bd3 Nfd5 13. Bg3 b5 14. h3 d6 15. Qb1 h6 16. b3 b4 17. a6 Bc6 18. Ra5 Rb8 19. Qa1 Nb5 20. Nc4 Nbc3 21. Nfd2 Qd7 22. Ne4 f5 23. Ned2 g5 24. Bh2 Nf4 25. Bf1 Bf6 26. Qc1 Bxd4 27. Nf3 Bxf3 28. Bxf4 gxf4 29. Qxf4 Bb6 0-1


[Site "https://www.chess.com"]

[Event "Titled Tuesday Blitz October 04 Late 2022"]
[White "Urazayev, Arystanbek"]
[Black "Martinez Reyes, Pedro Ramon"]
[WhiteFideId "13709810"]
[BlackFideId "3901807"]
[WhiteElo "2441"]
[BlackElo "2354"]
[Result "1-0"]
[Round "10"]
[TimeControl "180+1"]
[Date "2022.10.04"]
[WhiteClock "0:00:34"]
[BlackClock "0:00:03"]

1. d4 d5 2. c4 Nc6 3. e3 e5 4. Nc3 exd4 5. exd4 Nf6 6. Nf3 Be7 7. cxd5 Nxd5 8. Bc4 Be6 9. Bb3 O-O 10. O-O Bf6 11. Re1 Qd6 12. Ne4 Qd8 13. Nc5 Bc8 14. h4 Nb6 15. Bg5 h6 16. Bxf6 Qxf6 17. Ne5 Nxe5 18. Rxe5 Nd7 19. Ne4 Qxh4 20. g3 Qd8 21. Rd5 c6 22. Rd6 Qe7 23. Qf3 Kh8 24. Qf4 f5 25. Re6 Qf7 26. Nd6 1-0


[Site "https://www.chess.com"]

[Event "Titled Tuesday Blitz October 04 Late 2022"]
[White "Vasquez Schroeder, Rodrigo"]
[Black "Sarana, Alexey"]
[WhiteFideId "3400042"]
[BlackFideId "24133795"]
[WhiteElo "2577"]
[BlackElo "2689"]
[Result "0-1"]
[Round "10"]
[TimeControl "180+1"]
[Date "2022.10.04"]
[WhiteClock "0:00:07"]
[BlackClock "0:00:08"]

1. d4 Nf6 2. Nf3 d5 3. c4 e6 4. Nc3 Nbd7 5. cxd5 exd5 6. Bf4 c6 7. h3 Nb6 8. e3 Bd6 9. Bxd6 Qxd6 10. Bd3 O-O 11. O-O Re8 12. Qc2 Qe7 13. Nd2 Be6 14. Rae1 Rad8 15. Nb3 Nc8 16. f3 g6 17. Qf2 Nh5 18. g4 Ng7 19. Rd1 f5 20. Rfe1 Nd6 21. Nc5 Bc8 22. Bf1 Rf8 23. Qg3 Rde8 24. b3 fxg4 25. hxg4 h5 26. gxh5 gxh5 27. e4 h4 28. Qg2 h3 29. Qg3 dxe4 30. fxe4 Rf6 31. e5 h2+ 32. Kh1 Nf5 33. Qg5 Rh6 34. Qg2 Qh4 35. N5e4 Rf8 36. Bc4+ Kh7 37. Bd3 Be6 38. Rf1 Rg8 39. Qf2 Kh8 40. Qxh4 Rxh4 41. Rf3 Nh5 42. Ne2 Rgg4 43. Nf2 Bd5 44. Be4 Rxe4 45. Nxe4 Bxe4 46. Rd3 Nfg3+ 0-1


[Site "https://www.chess.com"]

[Event "Titled Tuesday Blitz October 04 Late 2022"]
[White "Vazquez, Guillermo"]
[Black "Morefield, Jason"]
[WhiteFideId "3702308"]
[BlackFideId "30920825"]
[WhiteElo "2543"]
[BlackElo "2171"]
[Result "1-0"]
[Round "10"]
[TimeControl "180+1"]
[Date "2022.10.04"]
[WhiteClock "0:00:10"]
[BlackClock "0:00:04"]

1. b3 d5 2. Bb2 Bf5 3. d3 Nf6 4. Nd2 c5 5. e4 dxe4 6. dxe4 Nxe4 7. Bd3 Nd6 8. Bxf5 Nxf5 9. Qf3 Qd7 10. O-O-O Nc6 11. Ne2 e6 12. Qg4 Nfd4 13. Nxd4 cxd4 14. Nf3 e5 15. Qxd7+ Kxd7 16. Nxe5+ Nxe5 17. Bxd4 Ke6 18. Rhe1 f6 19. f4 Bb4 20. c3 Bd6 21. Kc2 a5 22. a4 Rhf8 23. Re2 Rae8 24. fxe5 fxe5 25. Bb6 Ra8 26. Rd3 Ra6 27. Bd4 h5 28. Rg3 Kd5 29. Rg5 Re8 30. Rxh5 Rc6 31. Kd3 Rc7 32. c4+ Kc6 33. Bc3 b6 34. Kc2 Rce7 35. Rg5 Rf7 36. h4 Ref8 37. Bxe5 Re8 38. Rg6 Rd7 39. Kd3 Kc5 40. Bxd6+ Rxd6+ 41. Rxd6 Rxe2 42. Kxe2 Kxd6 43. g4 1-0


[Site "https://www.chess.com"]

[Event "Titled Tuesday Blitz October 04 Late 2022"]
[White "Zhigalko, Sergei"]
[Black "Rozman, Levy"]
[WhiteFideId "13502956"]
[BlackFideId "2039877"]
[WhiteElo "2662"]
[BlackElo "2376"]
[Result "1-0"]
[Round "10"]
[TimeControl "180+1"]
[Date "2022.10.04"]
[WhiteClock "0:01:41"]
[BlackClock "0:02:14"]

1. e4 d5 2. exd5 Nf6 3. d4 Bg4 4. Bb5+ c6 5. dxc6 Nxc6 6. Ne2 Qd5 7. Bxc6+ Qxc6 8. O-O O-O-O 9. Nbc3 e5 10. Qd3 Bc5 11. Be3 Rhe8 12. h3 Bh5 13. Qf5+ 1-0


[Site "https://www.chess.com"]

[Event "Titled Tuesday Blitz October 04 Late 2022"]
[White "Zou, Chen"]
[Black "Ansh M Shah"]
[WhiteFideId "8610959"]
[BlackFideId "25033379"]
[WhiteElo "2325"]
[BlackElo "2084"]
[Result "1-0"]
[Round "10"]
[TimeControl "180+1"]
[Date "2022.10.04"]
[WhiteClock "0:02:12"]
[BlackClock "0:01:27"]

1. d4 Nf6 2. Bf4 e6 3. e3 d5 4. Nd2 Be7 5. Ngf3 O-O 6. Bd3 b6 7. c3 Bb7 8. Qc2 Nbd7 9. h4 c5 10. Ne5 Rc8 11. g4 Nxe5 12. dxe5 Nxg4 13. Bxh7+ Kh8 14. Rg1 Nh6 15. O-O-O d4 16. Rxg7 Kxg7 17. Rg1+ Kh8 18. Bxh6 d3 19. Qd1 Rg8 20. Bxg8 Qxg8 21. Rxg8+ Rxg8 22. b3 c4 23. Kb2 Rg6 24. Bg5 Bxg5 25. hxg5 Rxg5 26. Nxc4 Be4 27. Nd6 Bg6 28. e4 Rg2 29. Qxd3 Rxf2+ 30. Ka3 a5 31. Qe3 Rh2 32. Qxb6 1-0


[Site "https://www.chess.com"]

[Event "Titled Tuesday Blitz October 04 Late 2022"]
[White "Amburgy, Ryan"]
[Black "Turayev, Shahruh"]
[WhiteFideId "30924820"]
[BlackFideId "14003856"]
[WhiteElo "2121"]
[BlackElo "2610"]
[Result "0-1"]
[Round "11"]
[TimeControl "180+1"]
[Date "2022.10.04"]
[WhiteClock "0:01:27"]
[BlackClock "0:02:25"]

1. e4 e5 2. Ke2 Nc6 3. Nf3 f5 4. d3 Nf6 5. Nc3 Bb4 6. Bg5 Bxc3 7. bxc3 d6 8. exf5 Bxf5 9. Ke1 O-O 10. Be2 Qe8 11. Qd2 e4 12. Nh4 exd3 13. Nxf5 dxe2 14. Bxf6 Rxf6 15. Ne3 Ne5 16. Qxe2 Qg6 17. Rd1 Raf8 18. f3 Re6 19. Rd4 Rfe8 20. Kd2 Qh6 21. Re1 Qxh2 22. Qb5 Nxf3+ 0-1


[Site "https://www.chess.com"]

[Event "Titled Tuesday Blitz October 04 Late 2022"]
[White "Barria Zuniga, Daniel"]
[Black "Urazayev, Arystanbek"]
[WhiteFideId "3400816"]
[BlackFideId "13709810"]
[WhiteElo "2414"]
[BlackElo "2441"]
[Result "1-0"]
[Round "11"]
[TimeControl "180+1"]
[Date "2022.10.04"]
[WhiteClock "0:01:28"]
[BlackClock "0:00:02"]

1. d4 Nf6 2. c4 g6 3. Nc3 Bg7 4. e4 d6 5. Be2 O-O 6. Nf3 e5 7. d5 a5 8. Bg5 Qe8 9. Nd2 Na6 10. O-O Nc5 11. b3 Bd7 12. a3 h6 13. Bh4 Nh7 14. Qc2 f5 15. f3 h5 16. b4 axb4 17. axb4 Na6 18. Rab1 Bh6 19. Bf2 Nf6 20. c5 fxe4 21. Ndxe4 Bf5 22. Bd3 Nxe4 23. fxe4 Bd7 24. c6 Bc8 25. b5 Nc5 26. Bxc5 dxc5 27. d6 bxc6 28. dxc7 cxb5 29. Bxb5 Rxf1+ 30. Rxf1 Qe6 31. Qd3 Kh7 32. Bc4 Qe8 33. Nd5 Kh8 34. Nb6 Ra7 35. Qd8 Be3+ 36. Kh1 Bd7 37. Nxd7 Ra8 38. Nb8 Qxd8 39. cxd8=Q+ 1-0


[Site "https://www.chess.com"]

[Event "Titled Tuesday Blitz October 04 Late 2022"]
[White "Bilych, Olexiy"]
[Black "Tomaszewski, Kacper"]
[WhiteFideId "14156504"]
[BlackFideId "1127373"]
[WhiteElo "2320"]
[BlackElo "2211"]
[Result "1-0"]
[Round "11"]
[TimeControl "180+1"]
[Date "2022.10.04"]
[WhiteClock "0:00:41"]
[BlackClock "0:00:48"]

1. e4 e6 2. d4 d5 3. e5 c5 4. c3 Nc6 5. Nf3 Bd7 6. Be2 Nge7 7. O-O Nf5 8. Kh1 Be7 9. Bd3 cxd4 10. Bxf5 exf5 11. cxd4 Be6 12. Nc3 g5 13. Ne1 g4 14. Bf4 h5 15. Nc2 h4 16. Ne3 Qd7 17. Nb5 Kf8 18. Nd6 Rh5 19. Qd3 Kg8 20. Kg1 Rf8 21. f3 g3 22. hxg3 hxg3 23. Bxg3 Kg7 24. Kf2 Rfh8 25. Bf4 Kf8 26. a3 Rh4 27. g3 Rh2+ 28. Ng2 Na5 29. g4 Bh4+ 30. Kg1 Rh1+ 31. Kxh1 Bg3+ 32. Kg1 Bxf4 33. Nxf4 fxg4 34. fxg4 Ke7 35. Nxe6 Qxe6 36. Rxf7+ Kd8 37. Qf5 Qh6 38. Qd7# 1-0


[Site "https://www.chess.com"]

[Event "Titled Tuesday Blitz October 04 Late 2022"]
[White "Bluebaum, Matthias"]
[Black "Nepomniachtchi, Ian"]
[WhiteFideId "24651516"]
[BlackFideId "4168119"]
[WhiteElo "2633"]
[BlackElo "2781"]
[Result "1-0"]
[Round "11"]
[TimeControl "180+1"]
[Date "2022.10.04"]
[WhiteClock "0:00:16"]
[BlackClock "0:00:29"]

1. d4 Nf6 2. c4 e6 3. Nc3 Bb4 4. e3 c5 5. Bd3 d5 6. cxd5 exd5 7. a3 Ba5 8. dxc5 Bxc3+ 9. bxc3 Nbd7 10. Ne2 Nxc5 11. O-O O-O 12. c4 b6 13. cxd5 Qxd5 14. Nf4 Qg5 15. Bb2 Bb7 16. Bc2 Rad8 17. Qc1 Ne6 18. f3 Rc8 19. Nxe6 fxe6 20. Qd2 Rfd8 21. Qf2 Nd5 22. Bb3 Kh8 23. Rfe1 Rf8 24. Qg3 Qh6 25. Rad1 Rf5 26. f4 Rh5 27. e4 Nxf4 28. Rd7 Rg5 29. Qxf4 Rxg2+ 30. Kxg2 Rc2+ 31. Bxc2 Qxf4 32. Rd8+ 1-0


[Site "https://www.chess.com"]

[Event "Titled Tuesday Blitz October 04 Late 2022"]
[White "Boros, Denes"]
[Black "Vazquez, Guillermo"]
[WhiteFideId "722340"]
[BlackFideId "3702308"]
[WhiteElo "2464"]
[BlackElo "2543"]
[Result "0-1"]
[Round "11"]
[TimeControl "180+1"]
[Date "2022.10.04"]
[WhiteClock "0:00:03"]
[BlackClock "0:00:35"]

1. Nf3 d5 2. b3 c5 3. e3 a6 4. c4 d4 5. exd4 cxd4 6. g3 Nc6 7. Ba3 e5 8. Bxf8 Kxf8 9. d3 Nf6 10. Bg2 g6 11. O-O Kg7 12. b4 Re8 13. a3 Bf5 14. Re1 Qd6 15. Ra2 b5 16. c5 Qc7 17. Rae2 Rad8 18. Ng5 h6 19. Ne4 Nxe4 20. Bxe4 Bg4 21. f3 Bd7 22. g4 a5 23. Qd2 axb4 24. axb4 Ra8 25. Qb2 Ra4 26. Bxc6 Bxc6 27. f4 Qd7 28. f5 Qd5 29. Re4 Ra2 30. Qc1 Qb3 31. f6+ Kh7 32. R4e2 Rxe2 33. Rxe2 Qxd3 34. Kf2 Qf3+ 35. Ke1 Qxg4 36. Qb2 d3 37. Rf2 e4 38. Qd4 Qg1+ 39. Kd2 e3+ 40. Kxd3 exf2 41. Qd7 0-1


[Site "https://www.chess.com"]

[Event "Titled Tuesday Blitz October 04 Late 2022"]
[White "Bryakin, Mikhail"]
[Black "Ibarra Jerez, Jose Carlos"]
[WhiteFideId "4165314"]
[BlackFideId "2226332"]
[WhiteElo "2367"]
[BlackElo "2627"]
[Result "0-1"]
[Round "11"]
[TimeControl "180+1"]
[Date "2022.10.04"]
[WhiteClock "0:01:43"]
[BlackClock "0:01:19"]

1. d4 d6 2. Nf3 g6 3. c4 Bg7 4. Nc3 e5 5. g3 exd4 6. Nxd4 Ne7 7. Bg2 Nbc6 8. e3 O-O 9. O-O Nxd4 10. exd4 Nf5 11. d5 Re8 12. Qd3 Bd7 13. Bf4 Qf6 14. Rfe1 Qd4 15. Bf1 Qxd3 16. Bxd3 Nd4 17. Kg2 Bg4 18. h3 Bf3+ 19. Kf1 a6 20. Rxe8+ Rxe8 21. Re1 Bg2+ 22. Kxg2 Rxe1 23. Bd2 Ra1 24. f4 b5 25. cxb5 Nxb5 26. Nxb5 axb5 27. a3 Rd1 0-1


[Site "https://www.chess.com"]

[Event "Titled Tuesday Blitz October 04 Late 2022"]
[White "Duda, Jan-Krzysztof"]
[Black "Nakamura, Hikaru"]
[WhiteFideId "1170546"]
[BlackFideId "2016192"]
[WhiteElo "2779"]
[BlackElo "2909"]
[Result "1/2-1/2"]
[Round "11"]
[TimeControl "180+1"]
[Date "2022.10.04"]
[WhiteClock "0:03:02"]
[BlackClock "0:03:01"]

1. e4 e5 2. Nf3 Nc6 3. Bb5 Nf6 4. O-O Nxe4 5. d4 Nd6 6. Bxc6 dxc6 7. dxe5 Nf5 8. Qxd8+ Kxd8 9. h3 Bd7 10. Nc3 h6 1/2-1/2


[Site "https://www.chess.com"]

[Event "Titled Tuesday Blitz October 04 Late 2022"]
[White "Erdogdu, Mert"]
[Black "Weetik, Vjacheslav"]
[WhiteFideId "6301495"]
[BlackFideId "4153472"]
[WhiteElo "2413"]
[BlackElo "2469"]
[Result "0-1"]
[Round "11"]
[TimeControl "180+1"]
[Date "2022.10.04"]
[WhiteClock "0:00:13"]
[BlackClock "0:00:07"]

1. e4 e5 2. Nf3 Nc6 3. Bc4 Nf6 4. d3 Be7 5. O-O O-O 6. Re1 d6 7. a4 Be6 8. a5 Rb8 9. Nc3 h6 10. h3 a6 11. Bd2 Re8 12. Nd5 Bf8 13. b4 Bxd5 14. Bxd5 Nxd5 15. exd5 Ne7 16. c4 Ng6 17. Qb3 f5 18. Rac1 Qf6 19. c5 Kh8 20. c6 Qf7 21. cxb7 Rxb7 22. Rc6 Ne7 23. Rxa6 Qxd5 24. Qc4 Reb8 25. Nh4 Qb5 26. Qxb5 Rxb5 27. Rc1 g5 28. Nf3 Nd5 29. Rc4 Kg8 30. Ra7 Kf7 31. g3 Ke6 32. Kg2 Be7 33. Ne1 Bd8 34. Nc2 h5 35. Na3 R5b7 36. b5 Rxa7 37. a6 g4 38. hxg4 hxg4 39. Kf1 Kd7 40. Ke2 Ne7 41. Bg5 Nd5 42. Bd2 Raa8 43. Rc1 Ne7 44. Bg5 Nc8 45. Be3 Na7 46. Bxa7 Rxa7 47. Rh1 c6 48. Rh7+ Be7 49. bxc6+ Kxc6 50. Nc4 Rba8 51. Ne3 Bg5 52. Rh5 Bxe3 53. Kxe3 Rxa6 54. Rxf5 Rg8 55. Rf7 Kd5 56. Rb7 Raa8 57. Rb5+ Ke6 58. Rb4 Raf8 59. Rb7 Rf3+ 60. Ke2 Rgf8 61. Rg7 Rxf2+ 62. Kd1 Ra2 0-1


[Site "https://www.chess.com"]

[Event "Titled Tuesday Blitz October 04 Late 2022"]
[White "Gubajdullin, Alexei"]
[Black "Lazavik, Denis"]
[WhiteFideId "4141202"]
[BlackFideId "13515110"]
[WhiteElo "2200"]
[BlackElo "2437"]
[Result "0-1"]
[Round "11"]
[TimeControl "180+1"]
[Date "2022.10.04"]
[WhiteClock "0:00:01"]
[BlackClock "0:02:02"]

1. d4 f5 2. Nf3 Nf6 3. Bg5 e6 4. Nbd2 Be7 5. Bxf6 Bxf6 6. e4 O-O 7. Bd3 d5 8. e5 Be7 9. c3 c5 10. a3 Nc6 11. b4 cxd4 12. cxd4 Qb6 13. Nb3 a5 14. b5 a4 15. bxc6 axb3 16. cxb7 Bxb7 17. a4 Bb4+ 18. Kf1 b2 19. Rb1 Bc3 20. h4 Bxd4 21. h5 Bc3 22. h6 g6 23. Bb5 Ba6 24. Qd3 Bxb5 25. axb5 Rfc8 26. g4 fxg4 27. Ng5 Qd4 28. Qg3 Qxe5 29. Qxg4 Qf5 30. Qxf5 exf5 31. Ke2 Rab8 32. Kd3 Bf6 33. Ne6 Rxb5 34. Rhe1 Rb3+ 35. Kd2 Bc3+ 36. Kc2 Ra3 37. Re2 Bf6+ 38. Kd1 Ra1 0-1


[Site "https://www.chess.com"]

[Event "Titled Tuesday Blitz October 04 Late 2022"]
[White "Gunduz, Umut Erdem"]
[Black "Poliakova, Varvara"]
[WhiteFideId "6381383"]
[BlackFideId "13518313"]
[WhiteElo "2182"]
[BlackElo "1938"]
[Result "1/2-1/2"]
[Round "11"]
[TimeControl "180+1"]
[Date "2022.10.04"]
[WhiteClock "0:00:23"]
[BlackClock "0:00:28"]

1. e4 e5 2. Nf3 Nc6 3. Bb5 a6 4. Ba4 Nf6 5. O-O Be7 6. Re1 b5 7. Bb3 d6 8. c3 h6 9. d4 O-O 10. h3 Bb7 11. Nbd2 Re8 12. a3 Bf8 13. Qc2 Nb8 14. c4 exd4 15. Nxd4 c5 16. Nf5 Nc6 17. cxb5 axb5 18. Nf3 c4 19. Ba2 Ne5 20. Nxe5 dxe5 21. f3 Bc8 22. Be3 Bxf5 23. exf5 e4 24. Rad1 Qc7 25. Qf2 exf3 26. Qxf3 Bc5 27. Kh1 Bxe3 28. Rxe3 Rxe3 29. Qxe3 Re8 30. Qd4 Ne4 31. Kg1 Ng3 32. Qd7 Re1+ 33. Kh2 Nf1+ 34. Kg1 Qh2+ 35. Kf2 Qg3+ 36. Kg1 Ne3+ 37. Rxe1 Qxe1+ 38. Kh2 Nf1+ 39. Kg1 Ne3+ 40. Kh2 Qf2 41. Qc8+ Kh7 42. Qb7 Nxf5 43. Bb1 Qg3+ 44. Kg1 Qg6 45. g4 Qf6 46. Bxf5+ g6 47. Be4 Qd4+ 48. Kg2 Kg7 49. Qc6 Qxb2+ 50. Kg3 Qxa3+ 51. Kf4 Qc1+ 52. Ke5 Qc3+ 53. Kd5 Qd2+ 54. Kc5 c3 55. Qxb5 c2 56. Qb2+ Kh7 57. Qxc2 Qe3+ 58. Kd5 Qxh3 59. Qe2 Qg3 60. Bd3 Qc7 61. Qe4 Qd7+ 62. Ke5 Qe7+ 63. Kf4 Qxe4+ 64. Bxe4 f5 65. gxf5 gxf5 66. Bxf5+ Kg7 67. Bg4 Kf6 68. Bh5 Kg7 69. Kf5 Kf8 70. Bg4 Ke7 71. Kg6 Kd6 72. Kh5 Kc5 73. Bf5 Kd4 74. Bg6 Kc3 75. Bf7 Kd4 76. Be8 Ke3 77. Bf7 Kd4 78. Bg8 Ke3 79. Bh7 Kd2 80. Bg6 Kc3 81. Bf7 Kb2 82. Be8 Kc1 83. Bd7 Kd2 84. Bc8 Kc3 85. Bb7 Kb2 86. Ba8 Kc1 87. Bb7 Kd2 88. Bc8 Kc3 89. Bd7 Kb2 90. Kxh6 1/2-1/2


[Site "https://www.chess.com"]

[Event "Titled Tuesday Blitz October 04 Late 2022"]
[White "Harvey, Marcus R"]
[Black "Demidov, Mikhail"]
[WhiteFideId "400092"]
[BlackFideId "4197143"]
[WhiteElo "2457"]
[BlackElo "2520"]
[Result "0-1"]
[Round "11"]
[TimeControl "180+1"]
[Date "2022.10.04"]
[WhiteClock "0:00:03"]
[BlackClock "0:00:38"]

1. Nf3 g6 2. e4 Bg7 3. d4 d6 4. Bc4 e6 5. Qe2 a6 6. a4 b6 7. O-O h6 8. Re1 Bb7 9. e5 Ne7 10. Nc3 O-O 11. Bf4 Bxf3 12. Qxf3 d5 13. Bf1 c5 14. Ne2 cxd4 15. Nxd4 Nbc6 16. Nxc6 Nxc6 17. c4 Nb4 18. Rad1 Qe7 19. Qa3 Rfc8 20. b3 dxc4 21. Bxc4 b5 22. Bf1 bxa4 23. Qxa4 Nd5 24. Bd2 Qb7 25. Bc4 Nb6 26. Qa2 Nxc4 27. bxc4 Qc6 28. Rc1 a5 29. Bf4 a4 30. c5 Ra5 31. Be3 Kh7 32. Rc4 a3 33. Rh4 Ra4 34. Rxa4 Qxa4 35. Rc1 Bxe5 36. Qd2 a2 0-1


[Site "https://www.chess.com"]

[Event "Titled Tuesday Blitz October 04 Late 2022"]
[White "Holt, Conrad"]
[Black "Svane, Rasmus"]
[WhiteFideId "2034387"]
[BlackFideId "4657101"]
[WhiteElo "2592"]
[BlackElo "2674"]
[Result "0-1"]
[Round "11"]
[TimeControl "180+1"]
[Date "2022.10.04"]
[WhiteClock "0:00:24"]
[BlackClock "0:00:17"]

1. d4 Nf6 2. c4 e6 3. Nc3 Bb4 4. Qc2 d5 5. cxd5 exd5 6. Bg5 h6 7. Bxf6 Qxf6 8. a3 Bxc3+ 9. Qxc3 c6 10. e3 Bf5 11. Ne2 O-O 12. Ng3 Bg6 13. Be2 Nd7 14. O-O Rfe8 15. b4 Qd6 16. Rfc1 a6 17. a4 Rec8 18. Bg4 Rc7 19. Be2 Rac8 20. h3 Nf6 21. Qc5 Qd8 22. Ra3 Ne4 23. Nxe4 Bxe4 24. Bg4 Ra8 25. Rac3 h5 26. Bxh5 Qg5 27. Bg4 f5 28. Qd6 fxg4 29. Qxc7 gxh3 30. Qg3 Qxg3 31. fxg3 hxg2 32. b5 axb5 33. axb5 Ra2 34. bxc6 bxc6 35. Rxc6 Re2 36. R6c3 Kh7 37. Kh2 Kh6 38. Kh3 Kg5 39. Rc7 g6 40. Re7 Rxe3 41. Re5+ Kh6 42. Kh2 Rd3 43. Rc8 Rd1 0-1


[Site "https://www.chess.com"]

[Event "Titled Tuesday Blitz October 04 Late 2022"]
[White "Indjic, Aleksandar"]
[Black "Kamsky, Gata"]
[WhiteFideId "911925"]
[BlackFideId "2000024"]
[WhiteElo "2592"]
[BlackElo "2666"]
[Result "1-0"]
[Round "11"]
[TimeControl "180+1"]
[Date "2022.10.04"]
[WhiteClock "0:00:18"]
[BlackClock "0:00:32"]

1. d4 Nf6 2. c4 e6 3. Nc3 Bb4 4. Qc2 c5 5. dxc5 Qc7 6. Nf3 a6 7. a3 Bxc5 8. e3 Be7 9. g4 h6 10. Rg1 d6 11. h4 g6 12. g5 hxg5 13. hxg5 Nh5 14. b3 Nd7 15. Bb2 Rg8 16. O-O-O b6 17. Nd4 Bb7 18. Bg2 O-O-O 19. Kb1 Kb8 20. Bxb7 Qxb7 21. f4 Rc8 22. Qf2 Nc5 23. Qc2 Rc7 24. Ka2 Rgc8 25. Qg2 Ka8 26. Rd2 Qxg2 27. Rgxg2 Kb7 28. Rh2 Bf8 29. Nde2 b5 30. cxb5 d5 31. b4 Nd7 32. bxa6+ Kxa6 33. e4 Nb6 34. exd5 Nc4 35. Rd3 Nxb2 36. Kxb2 Bg7 37. dxe6 fxe6 38. Kb3 Nxf4 39. Nxf4 Rxc3+ 40. Rxc3 Rxc3+ 41. Ka4 Be5 42. Rf2 Bd4 43. Re2 e5 44. Nxg6 Be3 45. Nxe5 Bc1 46. Ra2 Bxg5 47. Ra1 Bc1 48. Nd3 Be3 49. Rd1 Kb6 50. Ne5 Bf4 51. Rd6+ Kc7 52. Rd5 Bc1 53. Rc5+ Rxc5 54. bxc5 Be3 55. Kb5 Bf4 56. Nc4 Kb7 57. a4 Kc7 58. a5 Kb7 59. a6+ Ka7 60. Nb6 Be3 61. Nd5 Bf2 62. c6 Kb8 63. c7+ Kc8 64. Kc6 1-0


[Site "https://www.chess.com"]

[Event "Titled Tuesday Blitz October 04 Late 2022"]
[White "Jeet, Jain"]
[Black "Rustemov, Alexander"]
[WhiteFideId "5073022"]
[BlackFideId "4119002"]
[WhiteElo "2067"]
[BlackElo "2771"]
[Result "0-1"]
[Round "11"]
[TimeControl "180+1"]
[Date "2022.10.04"]
[WhiteClock "0:00:01"]
[BlackClock "0:00:25"]

1. c4 c5 2. Nc3 g6 3. g3 Bg7 4. Bg2 Nc6 5. e4 d6 6. Nge2 e5 7. O-O Nge7 8. d3 O-O 9. f4 Be6 10. Be3 Qd7 11. Nd5 h6 12. a3 f5 13. Rb1 Rae8 14. b4 b6 15. b5 Nd8 16. Qd2 Kh7 17. a4 Nf7 18. a5 Bxd5 19. cxd5 h5 20. fxe5 Nxe5 21. h3 fxe4 22. dxe4 Rxf1+ 23. Kxf1 Nc4 24. Qd3 Nxe3+ 25. Qxe3 Nxd5 26. Qd2 Nb4 27. axb6 axb6 28. Kg1 Qxb5 29. Nf4 Qd7 30. Qe2 Be5 31. Nxh5 gxh5 32. Qxh5+ Kg8 33. Qg6+ Bg7 34. Bf1 Qf7 35. Bc4 d5 36. Qxf7+ Kxf7 37. exd5 Re4 38. Bb5 Nxd5 39. Bc6 Rd4 40. Bxd5+ Rxd5 41. Rxb6 Rd2 42. Rc6 Bd4+ 43. Kf1 Ke7 44. h4 Kd7 45. Rg6 c4 46. Ra6 c3 47. Ke1 Bf2+ 48. Kf1 c2 0-1


[Site "https://www.chess.com"]

[Event "Titled Tuesday Blitz October 04 Late 2022"]
[White "Jegorovas, Aleksandras"]
[Black "Lewtak, Damian"]
[WhiteFideId "12801950"]
[BlackFideId "1141724"]
[WhiteElo "2247"]
[BlackElo "2329"]
[Result "0-1"]
[Round "11"]
[TimeControl "180+1"]
[Date "2022.10.04"]
[WhiteClock "0:00:02"]
[BlackClock "0:00:08"]

1. d4 b6 2. e4 Bb7 3. Bd3 g6 4. Nf3 Bg7 5. Nc3 d6 6. Bg5 Nd7 7. Qd2 h6 8. Be3 e5 9. d5 Ngf6 10. h3 a6 11. a4 Nc5 12. b4 Nxd3+ 13. cxd3 Bc8 14. a5 b5 15. d4 Nd7 16. O-O Qe7 17. Rac1 exd4 18. Bxd4 Ne5 19. Nxe5 dxe5 20. Bc5 Qg5 21. Qd3 Bf8 22. Bxf8 Kxf8 23. d6 cxd6 24. Qxd6+ Kg7 25. f4 exf4 26. Rxf4 Be6 27. h4 Rhd8 28. hxg5 Rxd6 29. gxh6+ Kxh6 30. e5 Rc6 31. Kf2 Rac8 32. Rh1+ Kg5 33. Ne2 Rc2 34. Re4 Bg4 35. Re1 Bxe2 36. R1xe2 Kf5 37. Kg3 R8c3+ 38. R4e3 Rxe2 39. Rxc3 Rxe5 40. Rc6 Re6 41. Rc5+ Ke4 42. Kg4 f5+ 43. Kg5 Kd3 44. g4 fxg4 45. Kxg4 Re4+ 46. Kg5 Rxb4 47. Rc6 Ra4 48. Rxa6 Kc3 49. Rb6 Kb4 50. a6 Kc5 51. Rxg6 b4 52. Kf4 b3+ 53. Ke3 b2 54. Rg1 Ra1 55. a7 Rxg1 56. a8=Q b1=Q 57. Qc8+ Kd5 58. Qd7+ Ke5 59. Qe7+ Kf5 60. Qf7+ Kg4 61. Qf4+ Kh5 62. Qe5+ Rg5 63. Qh8+ Kg4 64. Qd4+ Kh3 65. Qh8+ Kg2 66. Qa8+ Kg1 67. Qa6 Qc1+ 68. Kf3 Rf5+ 69. Ke4 Qf4+ 70. Kd3 Qf1+ 0-1


[Site "https://www.chess.com"]

[Event "Titled Tuesday Blitz October 04 Late 2022"]
[White "Maksimovic, Bojan"]
[Black "Jobava, Baadur"]
[WhiteFideId "14408120"]
[BlackFideId "13601520"]
[WhiteElo "2447"]
[BlackElo "2582"]
[Result "1-0"]
[Round "11"]
[TimeControl "180+1"]
[Date "2022.10.04"]
[WhiteClock "0:02:00"]
[BlackClock "0:00:03"]

1. e4 c6 2. Nf3 d5 3. d3 Bg4 4. h3 Bxf3 5. Qxf3 e6 6. g3 g6 7. Bg2 h5 8. e5 Bh6 9. Nd2 Nd7 10. Qe2 Ne7 11. h4 Nf5 12. Nf3 Bxc1 13. Rxc1 Qa5+ 14. c3 Qxa2 15. O-O Qa5 16. Ng5 Qc7 17. d4 Nb6 18. Bh3 Nh6 19. Qf3 Qe7 20. b3 O-O 21. c4 Kg7 22. c5 Nd7 23. Ra1 a5 24. Rfc1 Rfb8 25. Qc3 b6 26. cxb6 Rxb6 27. Rxa5 Rxa5 28. Qxa5 Rb4 29. Qa7 Ng8 30. Rxc6 Rb8 31. Nxe6+ fxe6 32. Bxe6 Rd8 33. Rd6 Kh6 34. Bxd7 1-0


[Site "https://www.chess.com"]